 Dungeon Crawl Stone Soup version 0.20-a0-700-gbd4582c (webtiles) character file.

123 Laan the Cudgeler (level 5, 0/54 HPs)
             Began as an Ogre Berserker on Feb 20, 2017.
             Was a Believer of Trog.
             Slain by Ijyb
             ... wielding a +0 club
              (5 damage)
             ... on level 3 of the Dungeon.
             The game lasted 00:03:11 (2329 turns).

Laan the Cudgeler (Ogre Berserker)                  Turns: 2329, Time: 00:03:12

Health: 0/54       AC:  3    Str: 22    XL:     5   Next: 7%
Magic:  5/5        EV: 10    Int:  8    God:    Trog [**....]
Gold:   63         SH:  0    Dex:  8    Spells: 4/4 levels left

rFire    . . .     SeeInvis .   a - +0 mace
rCold    . . .     Gourm    .   b - +0 animal skin
rNeg     . . .     Faith    .   (no shield)
rPois    .         Spirit   .   (helmet restricted)
rElec    .         Reflect  .   (no cloak)
rCorr    .         Harm     .   (gloves unavailable)
MR       .....                  (boots unavailable)
Stlth    +.........             (no amulet)
Regen    0.2/turn               (no ring)
MPRegen  0.1/turn               (no ring)

@: exhausted, starving, slowed, very slow
A: unfitting armour, tough skin 1
a: Berserk, Trog's Hand, Burn Spellbooks, Renounce Religion


You were on level 3 of the Dungeon.
You worshipped Trog.
Trog was pleased with you.
You were starving.

You visited 1 branch of the dungeon, and saw 3 of its levels.

You collected 63 gold pieces.

Inventory:

Hand Weapons
 a - a +0 mace (weapon)
Armour
 b - a +0 animal skin (worn)
Jewellery
 e - an uncursed amulet of magic regeneration {unknown}
Wands
 o - a wand of iceblast (5/15)
Scrolls
 d - 2 scrolls of remove curse {unknown}
 i - a scroll of fog {unknown}
 j - a scroll of recharging {unknown}
 k - a scroll of immolation {unknown}
 n - a scroll of identify {unknown}
Potions
 f - 2 potions of curing {unknown}
 g - a potion of heal wounds {unknown}
 l - a potion of might {unknown}
Comestibles
 c - 2 bread rations
 h - 4 fruits


   Skills:
 - Level 4.0 Fighting
 + Level 5.1 Maces & Flails
 - Level 2.6 Dodging


You had 4 spell levels left.
You didn't know any spells.

Dungeon Overview and Level Annotations

Branches:
Dungeon (3/15)

Altars:

Annotations:
D:3 Ijyb


Innate Abilities, Weirdness & Mutations

You are too large for most types of armour.
You have tough skin. (AC +1)


Message History

* * * LOW HITPOINT WARNING * * *
You hit Ijyb but do no damage.
Ijyb is moderately wounded.
The kobold hits you but does no damage. Ijyb hits you but does no damage.
The orc hits you but does no damage. The rat bites you but does no damage.
The orc closely misses you. The kobold barely misses you.
Ijyb hits you with a club.
* * * LOW HITPOINT WARNING * * *
You sock the orc!
You kill the orc!
Trog accepts your kill. The rat bites you but does no damage.
The orc barely misses you. The kobold hits you.
* * * LOW HITPOINT WARNING * * *
Ijyb barely misses you. The rat bites you but does no damage.
The orc closely misses you. The kobold barely misses you.
An orc comes into view. It is wielding a short sword.
The rat bites you but does no damage. The kobold hits you but does no damage.
Ijyb hits you with a club.
You die...

.... ....
.....
.... #
#...###
...#..#<#
.....oK@#
.....org#
..?....o#
.....#.o#
.....#...
#+## ....
#.#..#
..#...
#####o.


You could see Ijyb, 4 orcs, a kobold and a rat.

Vanquished Creatures
  4 adders (D:2)
  2 oozes
  2 worms (D:2)
  2 dart slugs (D:1)
  2 leopard geckos (D:2)
  An orc (D:3)
  6 bats
  6 giant cockroaches
  4 goblins
  9 hobgoblins
  3 jackals (D:2)
  3 quokkas (D:2)
  A ball python (D:1)
  2 frilled lizards
  5 kobolds
  13 rats
65 creatures vanquished.

Notes
Turn   | Place    | Note
-------+----------+-------------------------------------------
     0 | D:1      | Laan the Ogre Berserker began the quest for the Orb.
     0 | D:1      | Reached XP level 1. HP: 24/24 MP: 1/1
   126 | D:1      | Reached skill level 3 in Maces & Flails
   175 | D:1      | Reached XP level 2. HP: 30/32 MP: 2/2
   634 | D:1      | Reached XP level 3. HP: 30/39 MP: 3/3
   813 | D:1      | Reached ** piety under Trog
   824 | D:1      | Reached skill level 4 in Maces & Flails
   983 | D:2      | Reached XP level 4. HP: 26/48 MP: 4/4
  1807 | D:2      | Reached skill level 5 in Maces & Flails
  1807 | D:2      | Reached XP level 5. HP: 20/54 MP: 5/5
  2308 | D:3      | Noticed Ijyb
  2329 | D:3      | Slain by Ijyb

Vault maps used:
D:1:      dpeg_arrival_windows_large_door
D:2:      minmay_heptomino_w4
D:3:      gup_sewer_entry_pipe, uniq_iyjb

Skill      XL: |  1  2  3  4 |
---------------+-------------+-----
Maces & Flails | 3 4 5 |  5.1
Fighting       | |  4.0
Dodging        | |  2.6

Action                   |  1- 3 |  4- 6 || total
-------------------------+-------+-------++-------
Melee: Mace              |   155 |   105 ||   260
Invok: Berserk           |     1 |     4 ||     5
  Eat: Chunk             |     2 |     5 ||     7
Armor: Animal skin       |    62 |    33 ||    95
Dodge: Dodged            |   114 |    90 ||   204
